 Dungeon Crawl Stone Soup version 0.31-a0-365-gcf821cafb2 (webtiles) character file.

Game seed: 3069078325093770383

554 porpoise the Changeling (level 7, -2/55 HPs)
             Began as a Merfolk Shapeshifter on July 28, 2023.
             Killed by nerve-wracking pain
             ... invoked by Menkaure
              (13 damage)
             ... in an ossuary.
             The game lasted 00:19:22 (5428 turns).

porpoise the Changeling (Merfolk Shapeshifter)      Turns: 5428, Time: 00:19:23

Health: -2/55      AC:  5    Str: 17    XL:     7   Next: 30%
Magic:  7/7        EV: 11    Int:  8    God:
Gold:   255        SH:  0    Dex: 14    Spells: 6/6 levels left

rFire   . .          .
                       - Unarmed
rCold   . . .        (no shield)
rNeg    . . .        f - +0 ring mail
rPois   .            (helmet currently unavailable)
rElec   .            (cloak currently unavailable)
rCorr   .            n - melded +0 pair of gloves
SInv    .            (boots currently unavailable)
Will    .....        (no amulet) Stlth
                     (no ring)
HPRegen 0.29/turn    (no ring)
MPRegen 0.10/turn

%: no passive effects
@: confused, beast-form, ambrosia-drunk, marked
A: beast (slay +4), (nimble swimmer 2), mertail
a: Begin Untransformation


You were in an ossuary.
You were a hulking beast.
You visited 1 branch of the dungeon, and saw 5 of its levels.
You also visited: Ossuary.

You collected 255 gold pieces.

Inventory:

Missiles
 m - 5 boomerangs (quivered)
 p - 3 datura-tipped darts
 s - 2 poisoned darts
Armour
 f - a +0 ring mail (worn)
 n - a +0 pair of gloves (melded)
Magical Staves
 j - a staff of conjuration
Talismans
 c - a beast talisman
Scrolls
 a - a scroll of fog
 d - a scroll of teleportation
 e - a scroll of blinking {unknown}
 g - a scroll of poison
 h - a scroll of amnesia
 i - a scroll of immolation {unknown}
 l - a scroll of revelation
 o - 2 scrolls of fear {unknown}
 q - 2 scrolls of enchant weapon {unknown}
 r - a scroll of enchant armour {unknown}
Potions
 b - a potion of attraction {unknown}
 k - a potion of brilliance
 t - a potion of ambrosia
 u - a potion of degeneration {unknown}
 v - a potion of enlightenment {unknown}


   Skills:
 + Level 4.7 Fighting
 - Level 2.6 Dodging
 + Level 5.8 Unarmed Combat
 + Level 6.2 Shapeshifting


You had 6 spell levels left.
You didn't know any spells.
Your spell library contained the following spells:

 Spells                   Type           Power      Damage    Failure   Level
 Wereblood                Tmut           0%         N/A       77%         2
 Fireball                 Conj/Fire      0%         3d3       100%        5
 Irradiate                Conj/Tmut      0%         3d11      100%        5
 Iskenderun's Battlesphe  Conj           0%         2d6       100%        5
 Conjure Ball Lightning   Conj/Air       0%         3x3d6     100%        6
 Orb of Destruction       Conj           0%         9d5       100%        7


Dungeon Overview and Level Annotations

Branches:
Dungeon (5/15)            Ossuary (1/1)
 Temple: D:4-7

Altars:
Dithmenos
Elyvilon
Fedhas
Hepliaklqana
Zin

Shops:
D:4 (

Annotations:
D:3 2 transporters, relicbr's ghost, weakling AtAE Ossuary Menkaure


Innate Abilities, Weirdness & Mutations

You are a hulking beast.
Your limbs bulge with bestial killing power. (Slay +4)
((You are very nimble when in or above water. (Stealth+, EV+, Speed+++)))
Your lower body shifts to a powerful aquatic tail in water.


Message History

The kobold skeleton is severely damaged.
The kobold skeleton hits you but does no damage.
You hit the kobold skeleton.
You destroy the kobold skeleton!
A mummy comes into view.
Menkaure, Prince of Dust comes into view.
An orc zombie comes into view.
Menkaure calls on the powers of darkness!
Your body is wracked with pain!
You punch the mummy!
The mummy is heavily damaged.
A kobold zombie comes into view.
Okay, then.
You punch the mummy!
The mummy is almost destroyed.
The mummy hits you.
You are too injured to fight recklessly!
You are too injured to fight recklessly!
You are too injured to fight recklessly!
You closely miss the mummy.
The mummy is almost destroyed.
Menkaure giggles, "These cerements are ticklish..."
Menkaure gestures wildly while chanting.
Menkaure seems to speed up.
The mummy hits you.
You hit the mummy.
You destroy the mummy!
You hit Menkaure.
Menkaure is moderately damaged.
Menkaure barely misses you.
You punch Menkaure!
Menkaure is severely damaged.
Menkaure hits you!
* * * LOW HITPOINT WARNING * * *
A mummy comes into view.
It was a potion of ambrosia.
You are confused.
You feel invigorated. Menkaure closely misses you.
Menkaure gestures at you while chanting.
Pain shoots through your body!
You die...

##..##..##..####..##..
##^.##..##..## ##..##.
##..##..##..## ##..##
##..##..##..## ##..#
##..##..##..## ##..
##..##..##..## ##. ##..##..##..##
## ##..##..##..######## #
##..##..##...hMZZ...M
##..##..#######################
##..##..........................
##.^#############################
#................................
#################################


You could see Menkaure (fast), a mummy, a kobold zombie and an orc zombie.

Vanquished Creatures
  Blork the orc (D:4)
  A scorpion (D:4)
  2 orc priests (D:3)
  A gnoll bouda (D:4)
  An iguana (D:3)
  3 orc wizards
  2 mummies (Ossuary)
  5 gnolls (D:4)
  5 adders
  2 worms
  4 dart slugs
  8 orcs
  9 endoplasms
  2 giant cockroaches (D:2)
  3 gnoll zombies (Ossuary)
  3 goblins
  6 hobgoblins
  2 jackals (D:1)
  6 kobolds
  2 quokkas (D:3)
  8 ball pythons
  5 bats
  4 frilled lizards
  2 gnoll skeletons (Ossuary)
  7 goblin skeletons (Ossuary)
  2 goblin zombies (Ossuary)
  3 hobgoblin skeletons (Ossuary)
  4 hobgoblin zombies (Ossuary)
  4 kobold skeletons (Ossuary)
  3 kobold zombies (Ossuary)
  3 orc skeletons (Ossuary)
  6 orc zombies (Ossuary)
  6 rats (D:1)
  6 rat skeletons (Ossuary)
  5 rat zombies (Ossuary)
136 creatures vanquished.

Notes
Turn   | Place    | Note
-------+----------+-------------------------------------------
     0 | D:1      | porpoise the Merfolk Shapeshifter began the quest for the
                  | Orb.
     0 | D:1      | Reached XP level 1. HP: 15/15 MP: 1/1
   235 | D:1      | Reached XP level 2. HP: 21/21 MP: 2/2
   544 | D:1      | Found a faded altar of an unknown god.
   615 | D:1      | Reached XP level 3. HP: 27/27 MP: 3/3
  1253 | D:2      | Reached XP level 4. HP: 33/34 MP: 4/4
  2258 | D:3      | Reached skill level 5 in Shapeshifting
  2258 | D:3      | Reached XP level 5. HP: 41/41 MP: 5/5
  3040 | D:3      | Found a transporter.
  3041 | D:3      | Noticed relicbr's ghost (weakling AtAE)
  3042 | D:3      | Found a transporter.
  3043 | D:3      | Noticed an ogre
  3045 | D:3      | Noticed an ogre
  3150 | D:3      | Reached XP level 6. HP: 48/48 MP: 6/6
  3354 | D:3      | Reached skill level 5 in Unarmed Combat
  3836 | D:4      | Found a glowing silver altar of Zin.
  3836 | D:4      | Found a shadowy altar of Dithmenos.
  3836 | D:4      | Found a blossoming altar of Fedhas.
  3884 | D:4      | Found Joentor's Weapon Boutique.
  3891 | D:4      | Found a white marble altar of Elyvilon.
  4133 | D:4      | Noticed Blork the orc
  4143 | D:4      | Killed Blork the orc
  4144 | D:4      | Reached XP level 7. HP: 14/55 MP: 7/7
  4284 | D:4      | Found a hazy altar of Hepliaklqana.
  4285 | D:4      | Found a faded altar of an unknown god.
  4482 | D:4      | Reached skill level 6 in Shapeshifting
  4533 | D:5      | Entered Level 5 of the Dungeon
  4586 | D:5      | Found a sand-covered staircase.
  4595 | Ossuary  | Entered an ossuary
  5416 | Ossuary  | Noticed Menkaure
  5428 | Ossuary  | Killed from afar by Menkaure

Illustrated notes

Levels and vault maps discovered:
D:1:      psy_arrival_terrarium, layout_loops_ring,
          shapermc_ecumenical_altar_mp_highgroup
D:2:      layout_loops_corners
D:3:      layout_basic, gammafunk_ghost_smash, hex_medium, minmay_surrounded
D:4:      layout_rooms, beargit_hepliaklqana_dungeon_heroes,
          gammafunk_temple_overflow_claw, mainiacjoe_overflow_small_starburst,
          serial_shops, shop_statue
D:5:      layout_basic, serial_shops, shop, nicolae_ossuary_entry_monument,
          uniq_grinder
Ossuary:  ossuary_due_pyramid

Skill      XL: |  1  2  3  4  5  6  7 |
---------------+----------------------+-----
Fighting       | 2 3 4 |  4.7
Unarmed Combat | 4 5 |  5.8
Shapeshifting  | 5 6 |  6.2
Dodging        | |  2.6

Action                     |  1- 3 |  4- 6 |  7- 9 || total
---------------------------+-------+-------+-------++-------
  Melee: Unarmed           |    61 |   167 |   112 ||   340
         Punch             |     1 |     3 |     3 ||     7
  Throw: Boomerang         |       |     3 |     5 ||     8
Ability: Begin Untransform |       |     1 |       ||     1
    Use: Potion            |       |     2 |     1 ||     3
         Scroll            |       |       |     5 ||     5
 Armour: Ring mail         |     8 |    27 |    15 ||    50
         Leather armour    |     4 |       |       ||     4
         Skin              |       |     1 |       ||     1
  Dodge: Dodged            |    34 |    73 |    23 ||   130
   Form: Beast             |       |     1 |       ||     1

Table legend: (Time is in decaauts)
 A = Elapsed time spent in this place.
 B = Non-inter-level travel time spent in this place.
 C = Inter-level travel time spent in this place.
 D = Time resting spent in this place.
 E = Time spent auto-exploring this place.
 F = Levels seen in this place.
 G = Mean time per level.
                   A        B        C        D        E       F      G
               +--------+--------+--------+--------+--------+-----+--------+
         Total |   5401 |   5220 |    181 |   1519 |   2671 |   6 |  900.2 |
       Dungeon |   4580 |   4399 |    181 |   1158 |   2474 |   5 |  916.0 |
       Ossuary |    821 |    821 |      0 |    361 |    197 |   1 |  821.0 |
               +--------+--------+--------+--------+--------+-----+--------+

Top non-repeatable levels by time:
     D:3: 1367 daAuts
     D:2: 1245 daAuts
     D:1: 1005 daAuts
     D:4: 919 daAuts
 Ossuary: 821 daAuts
     D:5: 42 daAuts
